Map: New Repugnancy LE

Players

Rob

  • Race: Protoss Protoss
  • League: Grandmaster
  • Spawn Location: 1:00

Jason - Winner!

  • Race: Terran Terran
  • League: Grandmaster
  • Spawn Location: 7:00

VOD

Have the link to the VOD?

Description

Time

  • Played on: May 13, 2019, 2:12 p.m.
  • Length: 10:50
Show
View Real Time Build Order
Export as new Build Order

Rob Protoss 

Build Orders: 1 Gate Expand 

Get SALT Encoding   

  12  0:00  Probe  
  13  0:12  Probe  
  14  0:18  Pylon  
  14  0:24  Probe  
  15  0:32  Probe  
  15  0:38  Gateway  
  15  0:40  Probe  
  17  0:50  Assimilator  
  17  0:51  Probe  
  18  1:03  Probe  
  19  1:15  Probe  
  20  1:28  Probe  
  20  1:31  Nexus  
  21  1:39  Cybernetics Core  
  21  1:42  Probe  
  22  1:47  Assimilator  
  22  1:54  Probe  
  22  1:57  Pylon  
  23  2:06  Adept  
  23  2:15  Warp Gate, Probe  
  26  2:23  Robotics Facility  
  26  2:26  Adept  
  26  2:28  Probe  
  29  2:40  Probe x2  
  30  2:49  Probe  
  31  2:52  Probe  
  31  2:58  Stalker  
  35  2:59  Probe  
  35  3:04  Probe  
  37  3:06  Warp Prism  
  37  3:11  Probe  
  38  3:18  Probe  
  41  3:23  Probe  
  41  3:24  Robotics Bay  
  42  3:28  Adept  
  42  3:32  Shield Battery  
  42  3:34  Probe  
  45  3:38  Pylon  
  45  3:40  Probe  
  46  3:51  Pylon  
  46  3:53  Gateway  
  46  3:56  Probe, Gateway  
  46  3:58  Probe  
  46  4:08  Probe  
  45  4:10  Disruptor  
  45  4:11  Probe  
  45  4:16  Stalker  
  48  4:26  Probe x2  
  47  4:32  Gravitic Drive  
  47  4:38  Probe x2  
  49  4:43  Stalker  
  50  4:51  Probe x2, Warp Prism  
  45  5:11  Probe x2  
  45  5:17  Disruptor  
  45  5:18  Twilight Council  
  45  5:20  Stalker  
  47  5:22  Probe  
  47  5:23  Probe  
  52  5:32  Stalker  
  52  5:33  Probe  
  52  5:35  Stalker, Probe  
  57  5:41  Pylon  
  58  5:46  Assimilator  
  58  5:47  Probe x2  
  60  5:50  Assimilator  
  58  5:59  Probe  
  58  6:00  Probe  
  58  6:02  Warp Prism  
  60  6:08  Blink  
  60  6:12  Stalker x3  
  66  6:28  Forge  
  66  6:31  Probe  
  67  6:37  Pylon  
  67  6:38  Pylon  
  67  6:43  Probe  
  67  6:45  Disruptor  
  68  6:55  Nexus  
  68  6:58  Pylon  
  71  7:08  Protoss Ground Weapons Level 1  
  71  7:20  Probe x2  
  71  7:21  Stalker x3  
  79  7:28  Disruptor  
  83  7:37  Probe  
  83  7:47  Stalker x3  
  89  7:52  Gateway  
  89  7:55  Gateway  
  89  7:57  Observer  
  89  7:58  Probe x2  
  91  8:01  Robotics Facility  
  92  8:07  Probe, Shield Battery  
  92  8:08  Pylon  
  93  8:17  Stalker x2  
  93  8:19  Stalker  
  99  8:26  Probe x2  
  101  8:28  Probe, Pylon  
  96  8:42  Stalker x3  
  96  8:46  Disruptor  
  94  8:58  Disruptor  
  86  9:07  Stalker x3  
  76  9:18  Stalker x2, Disruptor  
  81  9:26  Gateway x3  
  81  9:28  Stalker  
  83  9:39  Stalker x2  
  83  9:42  Stalker  
  89  9:46  Stalker  
  89  10:02  Stalker  
  91  10:14  Stalker x2  
  67  10:21  Stalker  
  67  10:26  Stalker  
  54  10:37  Stalker x2  
  48  10:46  Stalker  
Show
View Real Time Build Order
Export as new Build Order

Jason Terran - Winner!

Build Orders: Gas First Reaper Expand, Liberator Opening 

Get SALT Encoding   

  12  0:01  SCV  
  13  0:13  SCV  
  14  0:18  Supply Depot  
  14  0:25  SCV  
  15  0:30  Refinery  
  15  0:39  SCV  
  16  0:45  Barracks  
  16  0:51  SCV  
  17  1:03  SCV  
  18  1:19  SCV  
  19  1:36  Reaper, Orbital Command  
  20  1:46  Command Center  
  20  1:57  Factory  
  20  2:02  SCV  
  21  2:09  Barracks Reactor  
  21  2:14  SCV  
  22  2:16  Supply Depot  
  22  2:23  Refinery  
  22  2:26  SCV  
  23  2:38  SCV  
  24  2:48  Starport  
  24  2:50  SCV  
  25  2:52  Hellion x2  
  25  2:53  Barracks Tech Lab  
  29  2:59  Orbital Command  
  29  3:03  SCV  
  30  3:12  Liberator  
  30  3:13  Hellion x2  
  30  3:16  SCV  
  35  3:22  Supply Depot  
  35  3:31  SCV  
  35  3:33  SCV  
  40  3:42  Marine x2  
  40  3:43  SCV  
  40  3:45  SCV  
  47  3:48  Cyclone  
  47  3:55  SCV  
  48  3:57  SCV  
  48  3:58  Supply Depot  
  49  4:07  SCV  
  49  4:09  SCV  
  48  4:10  Marine x2  
  48  4:14  Starport Tech Lab  
  48  4:17  Supply Depot  
  48  4:19  SCV  
  48  4:20  Siege Tank  
  48  4:21  SCV  
  53  4:27  Engineering Bay  
  49  4:31  SCV  
  49  4:33  Marine x2  
  49  4:34  SCV  
  49  4:35  Viking  
  55  4:43  SCV  
  56  4:46  SCV  
  56  4:52  Siege Tank  
  57  4:55  SCV  
  57  4:56  Marine  
  57  4:58  SCV  
  58  5:04  Supply Depot  
  59  5:07  SCV  
  59  5:08  Supply Depot  
  59  5:10  SCV  
  58  5:20  SCV, Barracks x2  
  58  5:22  Refinery x2  
  58  5:25  Raven  
  58  5:27  SCV  
  61  5:31  Marine  
  61  5:32  SCV  
  63  5:38  Barracks  
  63  5:39  SCV, Barracks  
  64  5:44  SCV, Stimpack  
  65  5:51  SCV, Supply Depot  
  65  5:53  Marauder  
  65  5:56  SCV  
  69  6:03  SCV  
  66  6:08  SCV  
  67  6:15  Marauder, Factory Reactor, SCV  
  70  6:19  Marine x2, Combat Shield, Supply Depot  
  70  6:20  SCV  
  70  6:22  Marauder  
  75  6:25  Starport Reactor  
  75  6:26  Barracks Tech Lab  
  75  6:27  SCV, Barracks Tech Lab  
  75  6:30  Supply Depot  
  75  6:31  Supply Depot  
  77  6:32  SCV  
  77  6:35  Marine  
  77  6:37  Marine x2  
  77  6:39  SCV  
  81  6:44  Marauder  
  81  6:45  SCV  
  81  6:46  Supply Depot  
  84  6:50  Marauder  
  84  6:51  SCV, Concussive Shells  
  84  6:53  Command Center  
  87  6:55  Marauder  
  87  6:56  Marine x2  
  87  6:57  SCV  
  92  7:02  Marauder  
  92  7:03  SCV  
  92  7:04  Medivac  
  92  7:06  Medivac  
  99  7:12  Marine x2  
  99  7:15  SCV  
  102  7:16  Marauder  
  102  7:19  Supply Depot  
  102  7:20  Marine x2  
  106  7:23  Marine  
  106  7:28  Missile Turret  
  107  7:31  Marine  
  107  7:32  Marauder, Missile Turret  
  110  7:37  Marine  
  110  7:38  Medivac  
  110  7:40  Medivac  
  115  7:45  Marine x2  
  115  7:46  Marauder  
  115  7:49  Marine  
  117  7:54  Marine  
  117  7:56  Marauder  
  121  7:58  Widow Mine  
  121  8:03  Widow Mine, Marine x2  
  125  8:06  SCV  
  125  8:07  SCV, Marauder, Marine  
  130  8:17  Marine  
  130  8:18  Marauder, SCV  
  134  8:21  Marine x2  
  134  8:22  Widow Mine  
  134  8:25  SCV, Marauder  
  141  8:28  Marine  
  141  8:31  SCV  
  141  8:33  Orbital Command  
  141  8:35  Marine  
  141  8:39  Missile Turret  
  138  8:41  SCV  
  138  8:42  Marine  
  138  8:43  SCV  
  130  8:53  SCV  
  116  8:57  Marine x2  
  116  8:58  Marauder, Marine  
  116  8:59  Marauder  
  116  9:00  Marine  
  116  9:02  Widow Mine  
  119  9:10  SCV  
  119  9:15  Medivac, Marine x2  
  119  9:16  Marine  
  116  9:18  Marine  
  116  9:19  SCV x2, Marauder  
  116  9:20  Marauder  
  116  9:21  Refinery  
  116  9:22  Refinery  
  116  9:23  SCV  
  124  9:27  Engineering Bay  
  124  9:33  Marine x2  
  124  9:34  Marauder  
  124  9:39  Marine  
  124  9:40  Marine  
  124  9:41  Marauder  
  128  9:49  SCV  
  128  9:50  SCV  
  128  9:51  Marine x2  
  128  9:52  SCV  
  132  9:55  Marauder  
  132  9:57  Marine  
  132  9:59  Marauder  
  137  10:01  SCV  
  137  10:02  SCV, Marine  
  137  10:05  Medivac x2  
  144  10:08  Marine  
  144  10:09  Marauder  
  138  10:15  Marine  
  138  10:16  Marine  
  138  10:20  Marauder, Marine  
  136  10:22  Widow Mine  
  136  10:26  SCV, Marine  
  131  10:30  Marine  
Tags
 
Add a new tag
Caveats
  • Supply blocks, unpowered buildings, or Contaminate may cause inaccurate times.
  • Supply counts are checked every 10 seconds.